 Dungeon Crawl Stone Soup version 0.27-a0-1612-gde56a17b89 (webtiles) character file.

Game seed: 4167656031600684722

5 robertstho the Sneak (level 1, -2/20 HPs)
             Began as a Minotaur Delver on July 21, 2021.
             Slain by an adder (4 damage)
             ... on level 5 of the Dungeon.
             The game lasted 00:00:41 (190 turns).

robertstho the Sneak (Minotaur Delver)               Turns: 190, Time: 00:00:41

Health: -2/20      AC:  3    Str: 16    XL:     1   Next: 66%
Magic:  0/0        EV: 11    Int:  7    God:
Gold:   8          SH:  0    Dex: 11    Spells: 0/0 levels left

rFire    . . .     SeeInvis .   h - +0 war axe
rCold    . . .     Faith    .   (no shield)
rNeg     . . .     Spirit   .   b - +0 leather armour
rPois    .         Reflect  .   (helmet restricted)
rElec    .         Harm     .   (no cloak)
rCorr    .         Rampage  .   (no gloves)
Will     .....                  (no boots)
Stlth    ++........             (no amulet)
HPRegen  0.06/turn              (no ring)
MPRegen  0.07/turn              (no ring)

@: hasted, very quick
A: horns 2, retaliatory headbutt
a: no special abilities


You were on level 5 of the Dungeon.
You visited 1 branch of the dungeon, and saw 1 of its levels.

You collected 8 gold pieces.

Inventory:

Hand Weapons
 a - a +0 hand axe
 h - a +0 war axe (weapon)
Armour
 b - a +0 leather armour (worn)
Wands
 g - a wand of digging (3)
Scrolls
 c - 2 scrolls of fog
 d - a scroll of magic mapping


   Skills:
 * Level 3.7 Fighting
 + Level 2.4 Axes
 * Level 0.4 Armour
 + Level 2.2 Dodging
 + Level 4.2 Stealth


You couldn't memorise any spells.
You didn't know any spells.
Your spell library was empty.

Dungeon Overview and Level Annotations

Branches:
Dungeon (5/15)
 Temple: D:4-7

Altars:


Innate Abilities, Weirdness & Mutations

You have a pair of horns on your head.
You reflexively headbutt those who attack you in melee.


Message History

* * * LOW HITPOINT WARNING * * *
You feel sick.
An orc comes into view. It is wielding a +0 dagger.
Found a dagger.
You feel sick.
You feel sick.
You feel sick. The adder closely misses you.
The orc shouts!
You feel yourself speed up.
You feel sick.
You are no longer poisoned.
You hear a shout!
The adder misses you.
An orc wizard comes into view. It is wielding a +0 dagger.
The orc barely misses you. You furiously retaliate!
You headbutt the orc.
Unknown command.
Found a scroll labelled GUIRHE XIOMA.
Found a scroll of fog.
You see here a +0 dagger.
The orc wizard casts a spell at you. You resist with significant effort.
A hound comes into view.
The hound barks!
You see here a scroll of fog.
c - 2 scrolls of fog (gained 1)
The hound bites you but does no damage. The hound bites you.
* * * LOW HITPOINT WARNING * * *
The hound bites you but does no damage.
As you read the scroll of fear, it crumbles to dust.
You assume a fearsome visage.
The adder looks frightened! x2
The orc wizard looks frightened!
The hound looks frightened!
The orc wizard starts to cry.
The orc wizard mumbles some strange words.
The orc wizard flickers and vanishes!
Deactivating autopickup; reactivate with Ctrl-A.
You miss the adder.
Your attack snaps the adder out of its fear.
You headbutt the adder!
The adder is severely wounded.
The adder closely misses you. The adder bites you.
You die...

. #.. #..## #.##
#... #..# #..#.
#..##. ##.
###..### ?##
...##.##..#
#########..#.#..##
#@..S..........##.
#.S.h...o.o)##..#.
###########......n
#.###### #.# #.#
#.# ###


You could see a hound (fleeing), 2 adders and an orc.

Vanquished Creatures
  An ufetubus (D:5)
1 creature vanquished.

Notes
Turn   | Place    | Note
-------+----------+-------------------------------------------
     0 | D:5      | robertstho the Minotaur Delver began the quest for the Orb.
     0 | D:5      | Reached XP level 1. HP: 19/19 MP: 0/0
   148 | D:5      | Noticed a necrophage
   172 | D:5      | Noticed an orc wizard
   180 | D:5      | Noticed a hound
   190 | D:5      | Slain by an adder

Illustrated notes

Levels and vault maps discovered:
D:5:      layout_basic, minmay_between, uniq_pikel

Action                   || total
-------------------------++-------
Melee: Hand axe          ||     3
       War axe           ||     1
       Headbutt          ||     1
  Use: Scroll            ||     1
       Potion            ||     1
Armor: Leather armour    ||     4
Dodge: Dodged            ||    15

Table legend: (Time is in decaauts)
 A = Elapsed time spent in this place.
 B = Non-inter-level travel time spent in this place.
 C = Inter-level travel time spent in this place.
 D = Time resting spent in this place.
 E = Time spent auto-exploring this place.
 F = Levels seen in this place.
 G = Mean time per level.
                   A        B        C        D        E       F      G
               +--------+--------+--------+--------+--------+-----+--------+
         Total |    184 |    184 |      0 |    120 |     11 |   1 |  184.0 |
       Dungeon |    184 |    184 |      0 |    120 |     11 |   1 |  184.0 |
               +--------+--------+--------+--------+--------+-----+--------+

Top non-repeatable levels by time:
     D:5: 184 daAuts
